 Dungeon Crawl Stone Soup version 0.15.0-8-gb109cf8 (webtiles) character file.

37 Antunes the Skirmisher (level 3, -1/31 HPs)
             Began as a Draconian Berserker on Aug 30, 2014.
             Was a Believer of Trog.
             Slain by an orc wizard
             ... wielding a +0 dagger
              (4 damage)
             ... on Level 3 of the Dungeon.
             The game lasted 00:05:54 (1312 turns).

Antunes the Skirmisher (Draconian Berserker)        Turns: 1312, Time: 00:05:55

HP  -1/31        AC  7     Str 19      XL: 3   Next: 23%
MP   3/3         EV 12     Int  8      God: Trog [**....]
Gold 70          SH  0     Dex 10      Spells:  0 memorised,  2 levels left

rFire  . . .     SeeInvis .     a - +0 falchion
rCold  . . .     Clarity  .     (armour unavailable)
rNeg   . . .     rCorr    .     (no shield)
rPois  .         rRot     .     (helmet restricted)
rElec  .         Spirit   .     b - +1 cloak
SustAb .         Warding  .     (no gloves)
rMut   .         Stasis   .     (no boots)
Gourm  .                        (no amulet)
MR     .....                    (no ring)
                                (no ring)

@: not resistant to hostile enchantments, very unstealthy
A: unfitting armour, cold-blooded, AC +5
a: Burn Spellbooks, Berserk, Trog's Hand, Renounce Religion


You were on level 3 of the Dungeon.
You worshipped Trog.
Trog was pleased with you.
You were hungry.

You visited 1 branch of the dungeon, and saw 3 of its levels.

You collected 70 gold pieces.


Innate Abilities, Weirdness & Mutations

Your plain brown scales are hard (AC +5).
Your body does not fit into most forms of armour.
Your cold-blooded metabolism reacts poorly to cold.


   Skills:
 + Level 3.5 Fighting
 + Level 3.3 Long Blades
 + Level 0.6 Throwing
 + Level 3.0 Dodging
 + Level 1.2 Stealth


You had 2 spell levels left.
You didn't know any spells.

Dungeon Overview and Level Annotations

Branches:
Dungeon (3/15)

Altars:

Inventory:

Hand weapons
 a - a +0 falchion (weapon)
 p - a +0 hunting sling
   (You took it off a goblin on level 3 of the Dungeon)
Missiles
 e - 24 bolts
 g - 31 stones (quivered)
Armour
 b - a +1 cloak (worn)
   (You found it on level 1 of the Dungeon)
Comestibles
 c - a bread ration
 d - 3 meat rations
 o - 2 fruits
Scrolls
 f - a scroll of remove curse
 k - a scroll of random uselessness
Jewellery
 j - an uncursed ring of wizardry {wiz+, !d}
   (You found it on level 1 of the Dungeon)
Potions
 h - a potion of invisibility
 i - a potion of mutation {unknown}
 l - 2 potions of might {unknown}
 n - a potion of resistance {unknown}

# ...# .. .. #.##..# ..
.. #.# #.. .##. #.# ##<
#. ##...## #.# #..
##<#.)...# #.# #)#
.......#.# #.# #.#
.......s#.#########.# #.#
.......o@o........#.###.#
.......#o########.)......
........# #######.#
.......## #.# ...?... #..
##.##. ### #. #. # #. # .
#


You could see an orc wizard, 2 orcs and a giant cockroach.

Action                   || total
-------------------------++-------
Melee: Falchion          ||   112
  Use: Scroll            ||     6
 Stab: Sleeping          ||     2
  Eat: Fruit             ||     1

Vault maps used:
D:1:      dpeg_arrival_tiny_c
D:2:      corexii_hall_statues_l, uniq_jessica
D:3:      kennysheep_flooded_box

Notes
Turn   | Place    | Note
--------------------------------------------------------------
     0 | D:1      | Antunes, the Draconian Berserker, began the quest for the Orb.
     0 | D:1      | Reached XP level 1. HP: 19/19 MP: 1/1
   224 | D:1      | Reached XP level 2. HP: 15/26 MP: 2/2
   585 | D:2      | Reached skill level 1 in Stealth
   695 | D:2      | Acquired Trog's second power
  1092 | D:3      | Reached XP level 3. HP: 31/31 MP: 3/3
  1103 | D:3      | Reached skill level 3 in Dodging
  1311 | D:3      | HP: 7/31 [orc/flail (1)]
  1311 | D:3      | HP: 2/31 [orc wizard/magic dart (5)]
  1312 | D:3      | Slain by an orc wizard

Vanquished Creatures
  A worm (D:3)
  A giant gecko (D:2)
  3 bats (D:1 D:2)
  4 goblins (D:1 D:2 D:3)
  2 hobgoblins (D:2)
  A quokka (D:2)
  2 ball pythons (D:1 D:2)
  4 giant cockroaches (D:1 D:2)
  2 giant newts (D:2)
  6 kobolds (D:1 D:2 D:3)
  5 rats (D:1 D:2 D:3)
31 creatures vanquished.

Vault maps used:
D:1:      dpeg_arrival_tiny_c
D:2:      corexii_hall_statues_l, uniq_jessica
D:3:      kennysheep_flooded_box

Table legend:
 A = Turns spent in this place as a percentage of turns spent in the entire game.
 B = Non-inter-level travel turns spent in this place as a percentage of non-inter-level travel turns spent in the entire game.
 C = Inter-level travel turns spent in this place as a percentage of turns spent in this place.
 D = Turns resting spent in this place as a percentage of non-inter-level travel turns spent in this place.
 E = Turns spent auto-exploring this place as a percentage of non-inter-level travel turns spent in this place.
 F = Non-inter-level travel turns spent in this place divided by the number of levels of this place that you've seen.
                   A       B       C       D       E      F
               +-------+-------+-------+-------+-------+----------------------
         Total | 100.0 | 100.0 |   0.0 |   3.3 |   6.4 | 120.7
       Dungeon | 100.0 | 100.0 |   0.0 |   3.3 |   6.4 | 120.7
               +-------+-------+-------+-------+-------+----------------------

Table legend:
 A = Kills in this place as a percentage of kills in entire the game.
 B = Kills by you in this place as a percentage of kills by you in the entire game.
 C = Kills by friends in this place as a percentage of kills by friends in the entire game.
 D = Other kills in this place as a percentage of other kills in the entire game.
 E = Experience gained in this place as a percentage of experience gained in the entire game.
 F = Experience gained in this place divided by the number of levels of this place that you have seen.
                   A       B       C       D       E      F
               +-------+-------+-------+-------+-------+----------------------
         Total | 100.0 | 100.0 |  -nan |  -nan | 100.0 |  18.0
       Dungeon | 100.0 | 100.0 |  -nan |  -nan | 100.0 |  18.0
               +-------+-------+-------+-------+-------+----------------------
